 Dungeon Crawl Stone Soup version 0.22-a0-348-gd16d1391c7 (webtiles) character file.

8176 Laan the Destroyer (level 11, -5/59 HPs)
             Began as a Deep Elf Fire Elementalist on Apr 8, 2018.
             Was a Believer of Vehumet.
             Killed from afar by an oklob plant (17 damage)
             ... with a splash of acid
             ... on level 1 of the Lair of Beasts.
             The game lasted 00:36:02 (11935 turns).

Laan the Destroyer (Deep Elf Fire Elementalist)    Turns: 11935, Time: 00:36:03

Health: -5/59      AC: -4    Str:  5    XL:     11   Next: 6%
Magic:  28/38      EV: 13    Int: 24    God:    Vehumet [**....]
Gold:   352        SH:  0    Dex: 15    Spells: 18/35 levels left

rFire    + . .     SeeInvis .   f - +2 short sword (vamp)
rCold    x . .     Gourm    .   (no shield)
rNeg     + . .     Faith    .   D - +0 robe {rN+}
rPois    .         Spirit   .   C - +1 hat
rElec    .         Reflect  .   (no cloak)
rCorr    .         Harm     .   u - +0 pair of gloves
MR       +....                  (no boots)
Stlth    ++........             (no amulet)
HPRegen  0.19/turn              n - ring of fire
MPRegen  0.26/turn              t - ring of magical power

@: corroded
A: no striking features
a: Renounce Religion


You were on level 1 of the Lair of Beasts.
You worshipped Vehumet.
Vehumet was pleased with you.
You were very hungry.

You visited 3 branches of the dungeon, and saw 11 of its levels.
You visited the Abyss 1 time.

You collected 555 gold pieces.
You spent 203 gold pieces at shops.

Inventory:

Hand Weapons
 f - a +2 vampiric short sword (weapon)
 g - a +0 hunting sling
 F - a +0 hunting sling
Missiles
 d - 263 stones (quivered)
 i - 109 sling bullets
Armour
 a - a +0 robe
 u - a +0 pair of gloves (worn)
 C - a +1 hat (worn)
 D - a +0 robe of positive energy (worn)
Jewellery
 n - a ring of fire (left hand)
 t - a ring of magical power (right hand)
 B - an uncursed ring of magical power
 H - an uncursed ring of see invisible
Wands
 p - a wand of random effects (32)
 M - a wand of iceblast (11)
Scrolls
 b - a scroll of magic mapping {unknown}
 e - 2 scrolls of enchant armour {unknown}
 j - 3 scrolls of enchant weapon {unknown}
 k - 3 scrolls of remove curse {unknown}
 l - 8 scrolls of teleportation {unknown}
 m - 14 scrolls of identify {unknown}
 x - 2 scrolls of amnesia {unknown}
 y - 3 scrolls of noise {unknown}
 A - 2 scrolls of blinking {unknown}
 G - 2 scrolls of summoning {unknown}
 I - a scroll of immolation {unknown}
 K - a scroll of fog {unknown}
Potions
 h - a potion of brilliance {unknown}
 o - 3 potions of curing {unknown}
 q - a potion of berserk rage {unknown}
 r - a potion of might {unknown}
 s - a potion of resistance {unknown}
 v - 5 potions of flight {unknown}
 w - 2 potions of magic {unknown}
 z - a potion of agility {unknown}
 E - a potion of lignification {unknown}
 J - a potion of mutation {unknown}
 L - a potion of cancellation {unknown}
Comestibles
 c - 9 rations


   Skills:
 - Level 2.8 Fighting
 - Level 2.4 Dodging
 - Level 2.4 Stealth
 + Level 12.5 Spellcasting
 * Level 14.3 Conjurations
 - Level 3.2 Fire Magic


You had 18 spell levels left.
You knew the following spells:

 Your Spells              Type           Power        Failure   Level  Hunger
a - Flame Tongue          Conj/Fire      #####        1%          1    None
b - Sting                 Conj/Pois      ####         1%          1    None
c - Sticky Flame          Conj/Fire      ######..     1%          4    None
d - Fireball              Conj/Fire      ######....   3%          5    ###....
e - Conjure Flame         Conj/Fire      ######..     1%          3    None
f - Confuse               Hex            ###.....     12%         3    None


Dungeon Overview and Level Annotations

Branches:
Dungeon (9/15)             Temple (1/1) D:4            Lair (1/6) D:9
    Orc: D:9-12

Altars:
Ashenzari
Cheibriados
Dithmenos
Elyvilon
Fedhas
Gozag
Hepliaklqana
Kikubaaqudgha
Makhleb
Nemelex Xobeh
Okawaru
Qazlal
Ru
Sif Muna
Trog
Uskayaw
Vehumet
Wu Jian
Xom
Yredelemnul
Zin
The Shining One

Shops:
D:6 [

Annotations:
D:9 Fandomethor's ghost, journeyman MiAK
Lair:1 exclusion: 4 oklob plants


Message History

Casting: Fireball (safe; 3% risk of failure)
Confirm with . or Enter, or press ? or * to list all spells.
Aiming: Fireball (safe; 3% risk of failure)
Press: ? - help, Shift-Dir - straight line, f/p - oklob plant
Aim: an oklob plant (moderately damaged)
You feel a surge of power!
The fireball explodes!
The fireball engulfs the oklob plant.
The oklob plant is heavily damaged.
The fireball engulfs the oklob plant.
The oklob plant is moderately damaged.
The oklob plant spits acid at you. The splash of acid hits you!
The acid corrodes you!
You are splashed with acid!
The acid burns!
The oklob plant spits acid at you. The splash of acid hits you!
The acid corrodes you!
You are splashed with acid!
The acid burns!
* * * LOW HITPOINT WARNING * * *
The oklob plant spits acid at you. The splash of acid hits you!
You die...

##..#.............##.
#...#......#......##.
#######.......#......###
#..P$.P.......#.......##
#(:...P...####..........
#.....P.................
#P.!P...................
#$$P...............#.###
####@...........#....
#...................
#..####.##.....#....
#.#......#.....#....
##........#.....#....
#.........#..........
#..#......#.....#....
##.#......#.....#....
#........#.....#....


You could see 4 oklob plants.

Vanquished Creatures
  Erolcha (D:9)
  2 two-headed ogres
  A manticore (D:6)
  Joseph (D:8)
  A spiny frog (Lair:1)
  A komodo dragon (Lair:1)
  2 hippogriffs
  The ghost of runewalsh the Digger, an amateur OpWn of Gozag (D:5)
  The ghost of Laan the Chiller, an amateur DEIE (D:4)
  Sigmund (D:6)
  3 yaks
  A hungry ghost (D:8)
  2 water moccasins (Lair:1)
  Duvessa (D:7)
  A porcupine (Lair:1)
  An ice beast (D:9)
  A black bear (D:8)
  A sky beast (D:5)
  3 orc warriors
  3 ogres
  The ghost of katzbalger the Skirmisher, an amateur FoAK of Lugonu (D:3)
  3 centaurs
  A big kobold (D:9)
  5 bullfrogs
  Dowan (D:7)
  5 scorpions
  5 killer bees
  3 crimson imps
  2 howler monkeys
  A centaur zombie (D:5)
  A bullfrog zombie (D:7)
  3 centaur skeletons
  2 hounds
  5 orc priests
  A bullfrog skeleton (D:8)
  6 orc wizards
  2 iguanas
  4 worker ants
  A hound skeleton (D:4)
  8 adders
  3 gnolls (D:6)
  3 shadow imps
  An adder zombie (D:8)
  An adder skeleton (D:9)
  3 worms
  A dart slug (D:1)
  4 leopard geckos
  19 orcs
  6 giant cockroaches
  7 goblins
  8 hobgoblins
  13 jackals
  8 kobolds
  3 quokkas
  3 ball pythons
  8 bats
  4 frilled lizards
  A jackal zombie (D:8)
  5 rats
  A plant (Lair:1)
191 creatures vanquished.

Vanquished Creatures (others)
  A fungus (Lair:1)
  3 plants
4 creatures vanquished.

Grand Total: 195 creatures vanquished

Notes
Turn   | Place    | Note
-------+----------+-------------------------------------------
     0 | D:1      | Laan the Deep Elf Fire Elementalist began the quest for the Orb.
     0 | D:1      | Reached XP level 1. HP: 10/10 MP: 6/6
   159 | D:1      | Reached XP level 2. HP: 16/16 MP: 2/8
   559 | D:1      | Reached skill level 2 in Conjurations
   910 | D:2      | Reached XP level 3. HP: 18/20 MP: 5/10
   998 | D:2      | Reached skill level 1 in Fighting
  1731 | D:3      | Found a shimmering altar of Xom.
  1750 | D:3      | Reached skill level 3 in Conjurations
  1857 | D:3      | Learned a level 3 spell: Conjure Flame
  1873 | D:3      | Noticed katzbalger's ghost (amateur FoAK)
  2074 | D:3      | Reached XP level 4. HP: 25/25 MP: 11/11
  2080 | D:3      | Learned a level 4 spell: Sticky Flame
  2499 | D:3      | Killed katzbalger's ghost
  2499 | D:3      | Reached skill level 4 in Conjurations
  2499 | D:3      | Reached XP level 5. HP: 30/30 MP: 8/14
  2731 | D:4      | Reached XP level 6. HP: 32/35 MP: 15/15
  2810 | D:4      | Reached skill level 5 in Spellcasting
  2987 | D:4      | Reached skill level 5 in Conjurations
  3194 | D:4      | Noticed Laan's ghost (amateur DEIE)
  3218 | D:4      | Killed Laan's ghost
  3298 | D:4      | Found a glowing golden altar of the Shining One.
  3357 | D:4      | Reached XP level 7. HP: 40/40 MP: 17/17
  3464 | D:4      | Found a staircase to the Ecumenical Temple.
  3471 | Temple   | Entered the Ecumenical Temple
  3574 | Temple   | Became a worshipper of Vehumet
  3627 | D:4      | Learned a level 5 spell: Fireball
  3718 | D:5      | Entered Level 5 of the Dungeon
  3735 | D:5      | Reached skill level 6 in Conjurations
  4051 | D:5      | Noticed runewalsh's ghost (amateur OpWn)
  4068 | D:5      | Killed runewalsh's ghost
  4068 | D:5      | Reached skill level 7 in Conjurations
  4438 | D:5      | Reached XP level 8. HP: 40/45 MP: 20/20
  4826 | D:6      | Reached skill level 8 in Conjurations
  5416 | D:6      | Reached * piety under Vehumet
  5416 | D:6      | Offered knowledge of Sting by Vehumet.
  5417 | D:6      | Noticed Sigmund
  5431 | D:6      | Killed Sigmund
  5431 | D:6      | Reached skill level 9 in Conjurations
  5434 | D:6      | Learned a level 1 spell: Sting
  5650 | D:6      | Found Wokhak's Antique Armour Boutique.
  5660 | D:6      | Bought a runed hat for 203 gold pieces
  5668 | D:6      | Noticed a manticore
  5684 | D:6      | Killed a manticore
  5906 | D:7      | Reached skill level 10 in Conjurations
  5906 | D:7      | Reached XP level 9. HP: 33/49 MP: 23/23
  6011 | D:7      | Noticed Dowan
  6014 | D:7      | Noticed Duvessa
  6594 | D:7      | Killed Duvessa
  6680 | D:7      | Killed Dowan
  7088 | D:8      | Reached skill level 11 in Conjurations
  7183 | D:8      | Noticed a two-headed ogre
  7201 | D:8      | Killed a two-headed ogre
  7201 | D:8      | Reached skill level 10 in Spellcasting
  7284 | D:8      | Noticed Joseph
  7322 | D:8      | Killed Joseph
  7322 | D:8      | Reached skill level 12 in Conjurations
  7322 | D:8      | Reached XP level 10. HP: 29/55 MP: 26/26
  7950 | D:8      | Found a shadowy altar of Dithmenos.
  7969 | D:9      | Noticed Erolcha
  7974 | D:9      | Cast into level 2 of the Abyss (Erolcha)
  8000 | Abyss:2  | Noticed a thrashing horror
  8013 | D:9      | Escaped the Abyss
  8058 | D:9      | Noticed a two-headed ogre
  9009 | D:9      | Killed a two-headed ogre
  9009 | D:9      | Reached skill level 13 in Conjurations
  9230 | D:9      | Noticed Fandomethor's ghost (journeyman MiAK)
  9601 | D:9      | Reached ** piety under Vehumet
  9604 | D:9      | Offered knowledge of Shock by Vehumet.
  9784 | D:9      | Found a staircase to the Lair.
 10200 | D:9      | Learned a level 3 spell: Confuse
 10362 | D:9      | Killed Erolcha
 10362 | D:9      | Reached skill level 14 in Conjurations
 10929 | Lair:1   | Entered Level 1 of the Lair of Beasts
 11072 | Lair:1   | Noticed a spiny frog
 11080 | Lair:1   | Killed a spiny frog
 11080 | Lair:1   | Reached XP level 11. HP: 29/59 MP: 28/29
 11640 | Lair:1   | Noticed an oklob plant
 11647 | Lair:1   | Noticed an oklob plant
 11658 | Lair:1   | Noticed an oklob plant
 11933 | Lair:1   | Noticed an oklob plant
 11935 | Lair:1   | Killed from afar by an oklob plant

Vault maps used:
D:1:      minmay_arrival_checkered_box
D:2:      minmay_misc_feat_enclosed, minmay_misc_feat_alley
D:3:      xom_teletrap_fun
D:4:      minmay_temple_entry_overgrown, first_ration, serial_corexii_hall,
          corexii_hall_statues_i, corexii_hall_statues_u,
          nicolae_tso_carved_into_rock
D:5:      kennysheep_spiral_hall
D:6:      serial_shops, nicolae_shop_overgrown_old_shop, uniq_sigmund
D:7:      item_on_display_a, uniq_duvessa
D:8:      grunt_dithmenos_smoke_and_mirrors, nrook_mini_backslash, uniq_joseph
D:9:      lair_entry_dummy, uniq_erolcha
Temple:   kilobyte_greek_temple
Lair:1:   minmay_lair_oklob_chamber, infiniplex_staircase_pool_2
Abyss:2:  gammafunk_abyss_exit_x_factor, serial_sigils_hangedman_quiver

Skill      XL: |  1  2  3  4  5  6  7  8  9 10 |
---------------+-------------------------------+-----
Conjurations   | 2 3 4 5 7 10 12 14 | 14.3
Fighting       | 1 2 |  2.8
Spellcasting   | 4 5 7 8 10 12 | 12.5
Dodging        | |  2.4
Stealth        | |  2.4
Fire Magic     | |  3.2

Action                   |  1- 3 |  4- 6 |  7- 9 | 10-12 || total
-------------------------+-------+-------+-------+-------++-------
Melee: Short sword       |       |       |   193 |     1 ||   194
 Fire: Hunting sling     |    96 |    39 |    66 |       ||   201
Throw: Stone             |       |       |     3 |    11 ||    14
 Cast: Flame Tongue      |    63 |    83 |   140 |   115 ||   401
       Conjure Flame     |     3 |     3 |     5 |     2 ||    13
       Sticky Flame      |       |     1 |    20 |    28 ||    49
       Sting             |       |       |    28 |       ||    28
       Fireball          |       |       |       |    21 ||    21
Evoke: Wand              |       |       |       |     1 ||     1
  Use: Potion            |       |       |     3 |     1 ||     4
 Stab: Sleeping          |       |       |     2 |       ||     2
  Eat: Chunk             |     3 |     5 |     8 |     8 ||    24
       Ration            |       |       |     3 |     2 ||     5
Armor: Robe              |     5 |    11 |    71 |     7 ||    94
Dodge: Dodged            |    18 |    20 |   189 |    51 ||   278

Table legend:
 A = Spawn XP
 B = Non-spawn XP
 C = Spawn XP percentage of total XP
 D = Spawn monster count
 E = Non-spawn monster count
 F = Spawn count percentage of total count
 G = Total turns spent on level
                    A         B        C        D         E        F      G
               +---------+---------+-------+---------+---------+-------+---------
         Total |       0 |   11681 |   0.0 |       0 |     190 |   0.0 | 11935
               +---------+---------+-------+---------+---------+-------+---------
           D:1 |       0 |      32 |   0.0 |       0 |      19 |   0.0 |   870
           D:2 |       0 |      37 |   0.0 |       0 |      12 |   0.0 |   809
           D:3 |       0 |     242 |   0.0 |       0 |      32 |   0.0 |  1177
           D:4 |       0 |     463 |   0.0 |       0 |      14 |   0.0 |   724
           D:5 |       0 |     699 |   0.0 |       0 |      11 |   0.0 |   947
           D:6 |       0 |    1299 |   0.0 |       0 |      22 |   0.0 |  1214
           D:7 |       0 |     683 |   0.0 |       0 |      13 |   0.0 |  1147
           D:8 |       0 |    3158 |   0.0 |       0 |      25 |   0.0 |  2147
           D:9 |       0 |    3518 |   0.0 |       0 |      35 |   0.0 |  1717
        Lair:1 |       0 |    1550 |   0.0 |       0 |       7 |   0.0 |  1006
               +---------+---------+-------+---------+---------+-------+---------
